 Dungeon Crawl Stone Soup version 0.17.1-3-g152610e (webtiles) character file.

1068 Jerry the Shield-Bearer (level 8, 0/58 HPs)
             Began as a Formicid Fighter on Mar 24, 2016.
             Slain by Menkaure (5 damage)
             ... on level 6 of the Dungeon.
             The game lasted 00:25:35 (5716 turns).

Jerry the Shield-Bearer (Formicid Fighter)          Turns: 5716, Time: 00:25:35

Health: 0/58       AC: 10    Str: 23    XL:     8   Next: 53%
Magic:  8/8        EV:  9    Int:  8    God:
Gold:   229        SH: 11    Dex: 10    Spells: 0 memorised, 7 levels left

rFire  + . .     SeeInvis +     a - +1 long sword
rCold  . . .     Clarity  .     b - +0 scale mail
rNeg   . . .     SustAt   .     c - +0 shield
rPois  .         Gourm    .     (helmet unavailable)
rElec  .         Spirit   .     (no cloak)
rCorr  .         Warding  .     (no gloves)
rMut   .         Stasis   +     (no boots)
MR     .....                    (no amulet)
Stlth  ..........               g - ring of protection from fire
                                x - +3 ring of protection

@: not resistant to hostile enchantments, extremely unstealthy
A: permanent stasis, dig shafts and tunnels, four strong arms, antennae 3
a: Dig, Shaft Self


You were on level 6 of the Dungeon.
You were not hungry.

You visited 1 branch of the dungeon, and saw 6 of its levels.

You collected 229 gold pieces.

Inventory:

Hand Weapons
 a - a +1 long sword (weapon)
Armour
 b - a +0 scale mail (worn)
 c - a +0 shield (worn)
 q - a +0 ring mail
Jewellery
 g - a ring of protection from fire (right hand)
 x - a +3 ring of protection (left hand)
 z - an uncursed ring of sustain attributes
Wands
 n - a wand of draining (6)
 p - a wand of frost (26)
Scrolls
 f - 3 scrolls of recharging
 r - a scroll of identify
 w - a scroll of noise {unknown}
 y - a scroll of fog {unknown}
 A - a scroll of enchant armour {unknown}
Potions
 d - a potion of magic
 j - 2 potions of degeneration {unknown}
 l - 2 potions of brilliance
 o - a potion of ambrosia {unknown}
 u - a potion of cancellation {unknown}
 v - a potion of might
Comestibles
 e - 5 bread rations
 h - 3 beef jerkies
 i - a fruit
 k - 3 meat rations
 s - 2 slices of pizza


   Skills:
 - Level 3.2 Fighting
 + Level 5.8 Long Blades
 + Level 7.0 Armour
 + Level 7.1 Shields


You had 7 spell levels left.
You didn't know any spells.

Dungeon Overview and Level Annotations

Branches:
Dungeon (6/15)
 Temple: D:4-7

Altars:
Xom
Yredelemnul

Annotations:
D:6 Menkaure


Innate Abilities, Weirdness & Mutations

You are under a permanent stasis effect.
You can dig through walls and to a lower floor.
Your four strong arms can wield two-handed weapons with a shield.
You have a pair of large antennae on your head (SInv).


Message History

You hit Menkaure.
Menkaure is severely damaged.
Menkaure hits you.
* * * LOW HITPOINT WARNING * * *
You are too injured to fight recklessly!
You are too injured to fight recklessly!
Drink which item? (? for menu, Esc to quit)
You feel better. Menkaure hits you!
* * * LOW HITPOINT WARNING * * *
You are too injured to fight recklessly!
You barely miss Menkaure.
Menkaure is heavily damaged.
You block Menkaure's attack.
Menkaure calls on the powers of darkness!
Your body is wracked with pain!
* * * LOW HITPOINT WARNING * * *
You slash Menkaure!
Menkaure is almost destroyed.
Menkaure hits you.
You die...

.. .....
#.#...
#...# #.#
#)# #.#
#.# #M####
#.@..#
####.# #.#
#.# #.#
#.# ..
#.#### ..
#.[..# ..
######.###
#.


You could see Menkaure.

Vanquished Creatures
  A human (D:2)
  An orc warrior (D:6)
  A phantom (D:4)
  An ogre (D:3)
  Blork the orc (D:6)
  A jelly (D:5)
  An orc priest (D:4)
  5 hounds
  A gnoll shaman (D:5)
  Terence (D:2)
  Natasha (thrice) (D:2)
  2 iguanas
  3 worker ants
  A hound skeleton (D:5)
  5 gnolls
  5 adders
  A shadow imp (D:5)
  An ooze (D:2)
  An adder skeleton (D:4)
  4 worms
  4 giant geckos
  13 orcs
  6 bats
  3 giant cockroaches
  13 hobgoblins
  8 kobolds
  A quokka (D:3)
  2 giant gecko skeletons
  5 giant newts
  9 goblins
  7 jackals
  A jackal zombie (D:2)
  9 rats
121 creatures vanquished.

Notes
Turn   | Place    | Note
--------------------------------------------------------------
     0 | D:1      | Jerry the Formicid Fighter began the quest for the Orb.
     0 | D:1      | Reached XP level 1. HP: 18/18 MP: 1/1
   220 | D:1      | Reached XP level 2. HP: 14/24 MP: 2/2
   717 | D:1      | Reached XP level 3. HP: 29/29 MP: 3/3
   888 | D:2      | Reached skill level 4 in Shields
   922 | D:2      | Noticed Terence
   933 | D:2      | Killed Terence
   933 | D:2      | Reached XP level 4. HP: 15/35 MP: 4/4
  1213 | D:2      | Found a runed door.
  1213 | D:2      | Noticed a human
  1215 | D:2      | Found a basalt altar of Yredelemnul.
  1498 | D:2      | Killed a human
  1498 | D:2      | Reached skill level 5 in Shields
  1498 | D:2      | Reached XP level 5. HP: 18/41 MP: 5/5
  1498 | D:2      | Reached XP level 6. HP: 20/47 MP: 6/6
  1860 | D:2      | Noticed Natasha
  1871 | D:2      | Killed Natasha
  1871 | D:2      | Reached skill level 5 in Armour
  2266 | D:2      | Noticed Natasha
  2274 | D:2      | Killed Natasha
  2280 | D:2      | Noticed Natasha
  2285 | D:2      | Killed Natasha
  2833 | D:3      | Reached XP level 7. HP: 45/52 MP: 7/7
  3284 | D:3      | Found a shimmering altar of Xom.
  3735 | D:4      | Reached skill level 6 in Armour
  4565 | D:4      | Noticed a wyvern
  4569 | D:5      | Entered Level 5 of the Dungeon
  4768 | D:5      | Reached skill level 5 in Long Blades
  4787 | D:5      | Reached XP level 8. HP: 53/58 MP: 8/8
  5679 | D:6      | Noticed Blork the orc
  5680 | D:6      | Reached skill level 7 in Shields
  5683 | D:6      | Noticed Menkaure
  5704 | D:6      | Killed Blork the orc
  5716 | D:6      | Slain by Menkaure

Action                   |  1- 3 |  4- 6 |  7- 9 || total
-------------------------+-------+-------+-------++-------
Melee: Long sword        |   105 |   210 |   265 ||   580
  Use: Potion            |     1 |       |     4 ||     5
       Scroll            |       |    12 |     1 ||    13
 Stab: Distracted        |       |     1 |       ||     1
  Eat: Chunk             |       |     7 |     9 ||    16
